 Dungeon Crawl Stone Soup version 0.29-a0-284-gf9362112df (webtiles) character file.

Game seed: 704411214557418871

1426 jlumianski the Chopper (level 8, 0/61 HPs)
             Began as a Demonspawn Fighter on Mar 21, 2022.
             Slain by Edmund
             ... wielding a +8 flail of protection
              (23 damage)
             ... on level 6 of the Dungeon.
             The game lasted 00:26:09 (5966 turns).

jlumianski the Chopper (Demonspawn Fighter)         Turns: 5966, Time: 00:26:10

Health: 0/61       AC: 20    Str: 18    XL:     8   Next: 44%
Magic:  8/8        EV: 12    Int: 10    God:
Gold:   69         SH:  5    Dex: 13    Spells: 7/7 levels left

rFire   + . .      SeeInvis +   a - +0 war axe (protect)
rCold   . . .      Faith    .   J - orb {mayhem}
rNeg    . . .      Spirit   .   B - +3 ring mail
rPois   .          Reflect  +   n - +0 helmet
rElec   .          Harm     .   (no cloak)
rCorr   .          Rampage  .   (no gloves)
Will    .....                   d - +2 pair of boots
Stlth   ++........              l - amulet of reflection
HPRegen 0.20/turn               f - ring of see invisible
MPRegen 0.11/turn               D - ring of protection from fire

@: under a protective aura
A: foul stench 1, sturdy frame 3
a: no special abilities


You were on level 6 of the Dungeon.
You visited 1 branch of the dungeon, and saw 6 of its levels.

You collected 324 gold pieces.
You spent 255 gold pieces at shops.

Inventory:

Hand Weapons
 a - a +0 war axe of protection (weapon)
 m - a +0 hunting sling
 y - a +1 flail of protection
 H - a +3 dire flail
 O - a +2 flail of protection
Missiles
 e - 3 poisoned darts
 o - 122 stones
 C - 5 boomerangs (quivered)
 E - 6 datura-tipped darts
Armour
 b - a +0 scale mail
 c - a +0 buckler
 d - a +2 pair of boots (worn)
 g - a +0 chain mail
 n - a +0 helmet (worn)
 s - an orb of guile
 B - a +3 ring mail (worn)
 J - an orb of mayhem (worn)
 K - an orb of light
Magical Staves
 v - a staff of cold
 x - a staff of fire
Jewellery
 f - a ring of see invisible (left hand)
 l - an amulet of reflection (around neck)
 r - a ring of protection from cold
 D - a ring of protection from fire (right hand)
Wands
 M - a wand of flame (30)
Scrolls
 h - a scroll of enchant armour {unknown}
 i - a scroll of vulnerability {unknown}
 k - a scroll of brand weapon
 p - 2 scrolls of amnesia
 t - 4 scrolls of identify {unknown}
 I - a scroll of magic mapping
 N - a scroll of silence {unknown}
Potions
 j - a potion of invisibility {unknown}
 q - a potion of ambrosia {unknown}
 u - 2 potions of attraction
 w - a potion of berserk rage {unknown}
 z - a potion of lignification {unknown}
 A - 2 potions of haste
 F - a potion of brilliance {unknown}
 G - a potion of curing {unknown}
 L - a potion of cancellation {unknown}


   Skills:
 + Level 4.6 Fighting
 + Level 6.2 Axes
 + Level 0.6 Throwing
 + Level 3.5 Armour
 + Level 2.6 Dodging
 + Level 1.1 Stealth
 + Level 5.9 Shields


You had 7 spell levels left.
You didn't know any spells.
Your spell library contained the following spells:

 Spells                   Type           Power      Damage    Failure   Level
 Freeze                   Ice            0%         1d3       36%         1
 Frozen Ramparts          Ice            0%         1d2       75%         3
 Gell's Gravitas          Tloc           0%         N/A       75%         3
 Lesser Beckoning         Tloc           0%         N/A       75%         3
 Teleport Other           Tloc           0%         N/A       75%         3
 Hailstorm                Conj/Ice       0%         3d3       98%         4


Dungeon Overview and Level Annotations

Branches:
Dungeon (6/15)
 Temple: D:4-7

Altars:
Cheibriados
Dithmenos
Elyvilon
Fedhas
Qazlal
Ru
Sif Muna
Vehumet
The Shining One

Shops:
D:2 :   D:5 [   D:6 ?

Annotations:
D:6 Edmund


Innate Abilities, Weirdness & Mutations

You may rarely emit foul miasma when damaged in melee.
Your movements are significantly less encumbered by armour. (ER -6)


Message History

Edmund closely misses you.
Edmund drinks a potion.
Edmund seems to grow stronger.
You hit Edmund but do no damage.
Edmund is lightly wounded.
Edmund hits you but does no damage.
You hit Edmund.
Edmund is moderately wounded.
Edmund hits you but does no damage.
You barely miss Edmund.
Edmund is moderately wounded.
Edmund hits you but does no damage.
You hit Edmund but do no damage.
Edmund is moderately wounded.
Edmund hits you but does no damage.
You slash Edmund!
Edmund is heavily wounded.
Edmund closely misses you.
Edmund hits you with a +8 flail of protection!
You hit Edmund but do no damage.
Edmund is heavily wounded.
Edmund hits you with a +8 flail of protection!
You slash Edmund!
Edmund is severely wounded.
Edmund barely misses you.
You hit Edmund.
Edmund is severely wounded.
Edmund barely misses you.
You hit Edmund but do no damage.
Edmund is severely wounded.
Edmund hits you with a +8 flail of protection!
You hit Edmund but do no damage.
Edmund is severely wounded.
Edmund misses you.
You slash Edmund!
Edmund is almost dead.
Edmund closely misses you. You block Edmund's attack.
You closely miss Edmund.
Edmund is almost dead.
Edmund hits you with a +8 flail of protection!!
You die...

##............# ... #...
#.............# ..# #...#
#............# ..##...#
#..........# ..#...#
#@........# .....#
#.......# ....#
##......####### ...#
#@.......)[)..### ...##
#@###########...# ##..###
#......... #..## ###..##
##.######### #.## ##..###
#..# . ... # #.## ###..##
##..#.# ### #.#..##
##..####...#.#...#.#.#...#
###..##...#.#.#∩#.#.#...#
##......# ###.#.#...#
###....# ... #.#|..#


You could see Edmund (strong).

Vanquished Creatures
  A water moccasin (D:5)
  2 sky beasts (D:5)
  A centaur (D:6)
  A phantom (D:5)
  A bullfrog (D:6)
  2 scorpions
  5 wights
  3 hounds
  An orc priest (D:5)
  4 iguanas
  4 orc wizards
  Robin (D:3)
  7 adders
  3 gnolls (D:2)
  3 worms
  4 dart slugs
  17 orcs
  4 bats
  8 endoplasms
  12 goblins
  7 hobgoblins
  7 jackals
  4 quokkas
  4 ball pythons (D:1)
  2 frilled lizards (D:1)
  2 kobolds (D:1)
  3 rats
113 creatures vanquished.

Vanquished Creatures (collateral kills)
  An orc (D:6)
1 creature vanquished.

Vanquished Creatures (others)
  2 goblins (D:3)
  15 plants (D:5)
  4 toadstools (D:1)
21 creatures vanquished.

Grand Total: 135 creatures vanquished

Notes
Turn   | Place    | Note
-------+----------+-------------------------------------------
     0 | D:1      | jlumianski the Demonspawn Fighter began the quest for the
                  | Orb.
     0 | D:1      | Reached XP level 1. HP: 18/18 MP: 1/1
   161 | D:1      | Gained mutation: Your movements are slightly less
                  | encumbered by armour. (ER -2) [demonic ancestry]
   161 | D:1      | Reached XP level 2. HP: 20/24 MP: 2/2
   366 | D:1      | Reached skill level 2 in Axes
   548 | D:1      | Reached XP level 3. HP: 29/29 MP: 3/3
  1182 | D:1      | Reached skill level 3 in Axes
  1182 | D:1      | Gained mutation: Your movements are less encumbered by
                  | armour. (ER -4) [demonic ancestry]
  1182 | D:1      | Reached XP level 4. HP: 35/35 MP: 4/4
  1700 | D:2      | Found Qastap's Book Shoppe.
  1973 | D:4      | Found a shadowy altar of Dithmenos.
  1976 | D:4      | Found a sacrificial altar of Ru.
  2014 | D:4      | Reached XP level 5. HP: 41/41 MP: 5/5
  2200 | D:4      | Found a radiant altar of Vehumet.
  2204 | D:4      | Found a stormy altar of Qazlal.
  2204 | D:4      | Found a shimmering blue altar of Sif Muna.
  2204 | D:4      | Found a blossoming altar of Fedhas.
  2205 | D:4      | Found a snail-covered altar of Cheibriados.
  2245 | D:5      | Entered Level 5 of the Dungeon
  2380 | D:6      | Noticed a centaur
  2385 | D:6      | Killed a centaur
  2386 | D:6      | Gained mutation: You may rarely emit foul miasma when
                  | damaged in melee. [demonic ancestry]
  2386 | D:6      | Reached XP level 6. HP: 34/47 MP: 6/6
  2412 | D:6      | Reached skill level 4 in Axes
  2819 | D:5      | Reached skill level 1 in Dodging
  3058 | D:5      | Gained mutation: Your movements are significantly less
                  | encumbered by armour. (ER -6) [demonic ancestry]
  3058 | D:5      | Reached XP level 7. HP: 15/54 MP: 7/7
  3693 | D:5      | Found Cukhix's Antique Armour Boutique.
  3698 | D:5      | Reached skill level 5 in Shields
  3715 | D:5      | Reached skill level 5 in Axes
  4384 | D:4      | Reached XP level 8. HP: 55/61 MP: 8/8
  4594 | D:3      | Noticed Robin
  4615 | D:3      | Killed Robin
  4761 | D:5      | Bought a pair of embroidered boots for 255 gold pieces
  5056 | D:5      | Reached skill level 6 in Axes
  5056 | D:5      | Reached skill level 1 in Stealth
  5877 | D:6      | Found Peyfesar's Magic Scroll Boutique.
  5945 | D:6      | Noticed Edmund
  5966 | D:6      | Slain by Edmund

Illustrated notes

Levels and vault maps discovered:
D:1:      ldierk_walled_garden_2, layout_loops_ring, amethyst_killhole
D:2:      layout_basic, serial_shops, nicolae_shop_behind_doors,
          hangedman_abyss_or_decor_lesser_grid, minmay_unequal
D:3:      layout_rooms, uniq_robin
D:4:      layout_basic, minitemple, lemuel_flame_loot_1
D:5:      layout_gridville, serial_shops, shop, serial_bayou_lagoon_a
D:6:      layout_cave_pods, mainiacjoe_overflow_two_lobes, portal_sewer_entry_f,
          nicolae_inconvenience_store, uniq_edmund

Skill      XL: |  1  2  3  4  5  6  7  8 |
---------------+-------------------------+-----
Armour         | 3 |  3.5
Axes           | 2 3 4 5 6 |  6.2
Shields        | 3 4 5 |  5.9
Dodging        | 1 2 |  2.6
Fighting       | 4 |  4.6
Stealth        | 1 |  1.1
Throwing       | |  0.6

Action                   |  1- 3 |  4- 6 |  7- 9 || total
-------------------------+-------+-------+-------++-------
Melee: War axe           |   108 |   128 |   202 ||   438
Throw: Dart              |     4 |     5 |       ||     9
       Stone             |       |     3 |       ||     3
       Boomerang         |       |     1 |     3 ||     4
  Use: Scroll            |       |     1 |     4 ||     5
       Potion            |       |       |     3 ||     3
 Stab: Sleeping          |       |       |     2 ||     2
Armor: Scale mail        |     5 |       |       ||     5
       Chain mail        |    61 |    35 |       ||    96
       Ring mail         |       |    23 |    74 ||    97
Dodge: Dodged            |    44 |    50 |   112 ||   206
Block: Buckler           |    50 |    72 |   108 ||   230
       Reflection        |       |     7 |     1 ||     8
       Orb               |       |       |     4 ||     4

Table legend: (Time is in decaauts)
 A = Elapsed time spent in this place.
 B = Non-inter-level travel time spent in this place.
 C = Inter-level travel time spent in this place.
 D = Time resting spent in this place.
 E = Time spent auto-exploring this place.
 F = Levels seen in this place.
 G = Mean time per level.
                   A        B        C        D        E       F      G
               +--------+--------+--------+--------+--------+-----+--------+
         Total |   6139 |   5984 |    155 |   1036 |   2446 |   6 | 1023.2 |
       Dungeon |   6139 |   5984 |    155 |   1036 |   2446 |   6 | 1023.2 |
               +--------+--------+--------+--------+--------+-----+--------+

Top non-repeatable levels by time:
     D:5: 1906 daAuts
     D:4: 1203 daAuts
     D:2: 1013 daAuts
     D:1: 893 daAuts
     D:3: 847 daAuts
     D:6: 274 daAuts
